 Dungeon Crawl Stone Soup version 0.30-a0-918-g0ff054e9dc (webtiles) character file.

Game seed: 5954712478403873142

144 qeuew the Shield-Bearer (level 5, 0/42 HPs)
             Began as a Formicid Fighter on Mar 20, 2023.
             Slain by a black bear (8 damage)
             ... on level 4 of the Dungeon.
             The game lasted 00:03:19 (2859 turns).

qeuew the Shield-Bearer (Formicid Fighter)          Turns: 2859, Time: 00:03:19

Health: 0/42       AC:  7    Str: 22    XL:     5   Next: 51%
Magic:  5/5        EV:  9    Int:  8    God:
Gold:   174        SH:  5    Dex: 13    Spells: 4/4 levels left

rFire   . . .      SeeInvis +    a - +0 war axe
rCold   . . .      Faith    .    c - +0 buckler
rNeg    + . .      Spirit   .    b - +0 scale mail
rPois   .          Reflect  .    (helmet unavailable)
rElec   .          Rampage  .    (no cloak)
rCorr   .                        (no gloves)
Will    .....                    (no boots) Stlth
                                 (no amulet)
HPRegen 0.27/turn                e - ring of positive energy
MPRegen 0.09/turn                (no ring)

@: no status effects
A: permanent stasis, dig shafts and tunnels, antennae 3, four strong arms
a: Dig, Shaft Self


You were on level 4 of the Dungeon.
You visited 1 branch of the dungeon, and saw 4 of its levels.

You collected 174 gold pieces.

Inventory:

Hand Weapons
 a - a +0 war axe (weapon)
Armour
 b - a +0 scale mail (worn)
 c - a +0 buckler (worn)
Jewellery
 e - a ring of positive energy (left hand)
Scrolls
 f - 2 scrolls of magic mapping
Potions
 i - 2 potions of ambrosia
 j - a potion of cancellation


   Skills:
 + Level 3.9 Fighting
 * Level 3.4 Axes
 * Level 4.6 Armour
 + Level 4.6 Shields


You had 4 spell levels left.
You didn't know any spells.
Your spell library contained the following spells:

 Spells                   Type           Power      Damage    Failure   Level
 Hailstorm                Conj/Ice       0%         3d3       99%         3
 Airstrike                Air            0%         2d(0-16)  100%        4
 Ice Form                 Ice/Tmut       0%         N/A       100%        4
 Summon Lightning Spire   Summ/Air       0%         N/A       100%        4
 Plasma Beam              Fire/Air       0%         2x1d11    100%        5
 Simulacrum               Ice/Necr       0%         N/A       100%        6


Dungeon Overview and Level Annotations

Branches:
Dungeon (4/15)
 Temple: D:4-7

Altars:


Innate Abilities, Weirdness & Mutations

You cannot be hasted, slowed, berserked, paralysed or teleported.
You can dig through walls and to a lower floor.
You have a pair of large antennae on your head. (SInv)
Your four strong arms can wield two-handed weapons with a shield.


Message History

The black bear barely misses you. The black bear claws you.
You slash the black bear!
The black bear is severely wounded.
You block the black bear's attack.
The black bear claws you but does no damage. x2
You hit the black bear.
The black bear is severely wounded.
The black bear goes berserk!
You block the black bear's attack.
The black bear claws you but does no damage.
The black bear barely misses you.
You barely miss the black bear.
The black bear is severely wounded.
The black bear bites you!
The black bear claws you but does no damage.
The black bear claws you. The black bear bites you. The black bear claws you.
* * * LOW HITPOINT WARNING * * *
The black bear claws you but does no damage.
You slash the black bear!
The black bear is almost dead.
The black bear bites you but does no damage.
The black bear claws you.
* * * LOW HITPOINT WARNING * * *
The black bear claws you but does no damage.
The black bear closely misses you. The black bear claws you.
* * * LOW HITPOINT WARNING * * *
The black bear closely misses you.
Unknown command.
Okay, then.
You closely miss the black bear.
The black bear is almost dead.
The black bear barely misses you.
The black bear claws you but does no damage.
The black bear claws you.
* * * LOW HITPOINT WARNING * * *
You block the black bear's attack.
The black bear claws you but does no damage. x2
You completely miss the black bear.
The black bear is almost dead.
The black bear bites you!
You die...

#$. #.. ### #.#
#######..
###)####........
#..........###.. #
#..........#....
####.####.........<..#..
#.......................
#.....h@............####
......).#..........##
#.........$........#
.....###..####..####
#...# ##.. ....# #..#
##.......# # ..# #.. ..#
. .# #.. .


You could see a black bear (berserk).

Vanquished Creatures
  Robin (D:2)
  A gnoll (D:1)
  3 adders (D:3)
  A worm (D:4)
  2 dart slugs
  2 orcs (D:3)
  5 endoplasms
  3 giant cockroaches
  21 goblins
  8 hobgoblins
  3 jackals (D:1)
  6 kobolds
  A quokka (D:3)
  6 ball pythons
  7 bats
  3 frilled lizards
  4 rats
77 creatures vanquished.

Notes
Turn   | Place    | Note
-------+----------+-------------------------------------------
     0 | D:1      | qeuew the Formicid Fighter began the quest for the Orb.
     0 | D:1      | Reached XP level 1. HP: 18/18 MP: 1/1
   217 | D:1      | Reached XP level 2. HP: 19/24 MP: 2/2
   486 | D:1      | Reached XP level 3. HP: 29/29 MP: 3/3
  1347 | D:2      | Reached XP level 4. HP: 36/36 MP: 4/4
  1360 | D:2      | Noticed Robin
  1371 | D:2      | Killed Robin
  2018 | D:3      | Reached XP level 5. HP: 40/42 MP: 5/5
  2239 | D:3      | Found a faded altar of an unknown god.
  2844 | D:4      | Noticed a black bear
  2859 | D:4      | Slain by a black bear

Illustrated notes

Levels and vault maps discovered:
D:1:      dpeg_arrival_simpleton_b, layout_basic
D:2:      layout_basic, hex_medium, chequers_arboretum, minmay_goblin_outpost,
          uniq_robin
D:3:      layout_basic, hellmonk_ecumenical_altar_heavens_door
D:4:      layout_rooms, nemelex_spade_bored_becter,
          minmay_temple_entry_nine_rooms

Skill      XL: |  1  2  3  4 |
---------------+-------------+-----
Armour         | 4 |  4.6
Axes           | 3 |  3.4
Fighting       | |  3.9
Shields        | |  4.6

Action                     |  1- 3 |  4- 6 || total
---------------------------+-------+-------++-------
  Melee: War axe           |    80 |   112 ||   192
    Use: Scroll            |     4 |     3 ||     7
         Potion            |     2 |     2 ||     4
 Armour: Scale mail        |    33 |    87 ||   120
  Dodge: Dodged            |    49 |    68 ||   117
  Block: Buckler           |    27 |    26 ||    53

Table legend: (Time is in decaauts)
 A = Elapsed time spent in this place.
 B = Non-inter-level travel time spent in this place.
 C = Inter-level travel time spent in this place.
 D = Time resting spent in this place.
 E = Time spent auto-exploring this place.
 F = Levels seen in this place.
 G = Mean time per level.
                   A        B        C        D        E       F      G
               +--------+--------+--------+--------+--------+-----+--------+
         Total |   2931 |   2861 |     70 |      5 |   2331 |   4 |  732.8 |
       Dungeon |   2931 |   2861 |     70 |      5 |   2331 |   4 |  732.8 |
               +--------+--------+--------+--------+--------+-----+--------+

Top non-repeatable levels by time:
     D:1: 1020 daAuts
     D:2: 940 daAuts
     D:3: 843 daAuts
     D:4: 127 daAuts
